 Dungeon Crawl Stone Soup version 0.17-a0-1637-g5d65775 (webtiles) character file.

1297 Chiseanne the Skirmisher (level 8, -4/65 HPs)
             Began as a Demonspawn Wanderer on Aug 7, 2015.
             Killed from afar by an oklob plant (6 damage)
             ... with a splash of acid
             ... on level 6 of the Dungeon.
             The game lasted 00:12:51 (4808 turns).

Chiseanne the Skirmisher (Demonspawn Wanderer)      Turns: 4808, Time: 00:12:51

Health: -4/65      AC:  9    Str: 18    XL:     8   Next: 31%
Magic:  8/8        EV:  9    Int: 19    God:
Gold:   269        SH:  0    Dex: 12    Spells: 0 memorised, 7 levels left

rFire  + . .     SeeInvis .     a - +3 quarterstaff
rCold  + . .     Clarity  .     g - +1 chain mail
rNeg   . . .     SustAt   .     (no shield)
rPois  +         Gourm    .     (no helmet)
rElec  +         Spirit   .     q - +1 cloak
rCorr  +         Warding  .     (no gloves)
rMut   .         Stasis   .     c - +0 pair of boots
MR     .....                    (no amulet)
Stlth  ..........               (no ring)
                                k - +3 ring of intelligence

@: mighty, resistant, corroded equipment, not resistant to hostile enchantments,
extremely unstealthy
A: claws 1, iridescent scales 1, demonic guardian 1, powered by pain 1
a: no special abilities


You were on level 6 of the Dungeon.
You were hungry.

You visited 1 branch of the dungeon, and saw 6 of its levels.

You collected 269 gold pieces.

Inventory:

Hand weapons
 a - a +3 quarterstaff (weapon)
 r - a +0 war axe
Missiles
 d - 9 bolts of frost
 j - 52 arrows
 p - 38 bolts
 s - 23 poisoned needles
Armour
 c - a +0 pair of boots (worn)
 g - a +1 chain mail (worn)
 q - a +1 cloak (worn)
Jewellery
 k - a +3 ring of intelligence (left claw)
 C - an uncursed ring of ice
Magical devices
 l - a wand of digging (10)
 x - a wand of cold (10)
 D - a wand of draining (9)
 E - a wand of fire (12)
Scrolls
 b - 2 scrolls of teleportation
 e - a scroll of immolation
 i - a scroll of enchant armour
 o - 3 scrolls of remove curse
 t - a scroll of enchant weapon
 y - a scroll of recharging
 B - a scroll of identify
Potions
 h - a potion of curing
 z - 2 potions of brilliance {unknown}
Books
 v - a Necronomicon

   Spells                             Type                      Level
   a - Haunt                          Necromancy/Summoning         7
   b - Borgnjor's Revivification      Necromancy                   8
   c - Death's Door                   Charms/Necromancy            8
   d - Necromutation                  Transmutation/Necromancy     8
 w - Sif Muna's Compendium of Arcane Weapons
   (You found it on level 5 of the Dungeon)

   Spells                             Type                      Level
   a - Shock                          Conjuration/Air              1
Comestibles
 f - 2 bread rations
 u - a meat ration


   Skills:
 * Level 6.4 Fighting
   Level 1.0 Long Blades
 * Level 4.2 Axes
 - Level 1.0 Staves
 * Level 4.2 Armour
 * Level 4.8 Dodging
 - Level 1.7 Stealth
 - Level 1.0 Evocations


You had 7 spell levels left.
You didn't know any spells.

Dungeon Overview and Level Annotations

Branches:
Dungeon (6/15)
 Temple: D:4-7

Altars:
Cheibriados
Nemelex Xobeh
Sif Muna
Trog

Shops:
D:5 (

Annotations:
D:6 exclusion: oklob plant


Innate Abilities, Weirdness & Mutations

You have sharp fingernails.
You are partially covered in iridescent scales (AC +4).
A weak demonic guardian rushes to your aid.
You sometimes gain a little power by taking damage.


Message History

* * * LOW HITPOINT WARNING * * *
Your ufetubus hits the oklob plant but does no damage.
Your ufetubus hits the oklob plant.
Drink which item? (? for menu, Esc to quit)
You feel protected.
Your ufetubus hits the oklob plant but does no damage. x2
The oklob plant spits acid at you. The splash of acid hits you! You resist.
* * * LOW HITPOINT WARNING * * *
The acid burns!
You resist.
* * * LOW HITPOINT WARNING * * *
Read which item? (? for menu, Esc to quit)
As you read the scroll labeled NUWKIA RAHIY, it crumbles to dust.
It is a scroll of recharging.
Charge which item? (? for menu, Esc to quit)
Your wand of fire glows for a moment.
Your ufetubus disappears in a puff of smoke!
The oklob plant spits acid at you. The splash of acid hits you! You resist.
You die...

.#####....#
#.# .# #.#..#
#.## .#
#.#######..##
.#
#...........#
##
###########.#
##'## #...#
##...##
#..@ยง.#
#..P..#
#.....#
##...## #...#
#####


You could see an oklob plant.

Vanquished Creatures
  Sigmund (D:2)
  An ice beast (D:5)
  An ogre (D:5)
  A giant frog (D:6)
  7 jellies
  A crimson imp (D:5)
  2 giant frog zombies
  2 orc priests (D:5)
  3 orc wizards (D:5)
  2 worker ants (D:5)
  6 adders
  7 oozes
  3 worms (D:3)
  A giant gecko (D:1)
  11 orcs
  9 bats
  4 giant cockroaches
  5 goblins
  8 hobgoblins
  3 jackals (D:3)
  11 kobolds
  A quokka (D:3)
  6 giant newts
  11 rats
107 creatures vanquished.

Vanquished Creatures (collateral kills)
  The ghost of urechis the Magician, an average GrWz (D:4)
  A sky beast (D:4)
  2 jellies (D:6)
  An orc wizard (D:5)
  4 oozes (D:6)
  An orc (D:5)
10 creatures vanquished.

Vanquished Creatures (others)
  8 fungi (D:6)
8 creatures vanquished.

Grand Total: 125 creatures vanquished

Notes
Turn   | Place    | Note
--------------------------------------------------------------
     0 | D:1      | Chiseanne the Demonspawn Wanderer began the quest for the Orb.
     0 | D:1      | Chiseanne set off with: a +2 quarterstaff, a scroll of teleportation, a +0 falchion, a +0 robe, a +0 dagger, a bread ration
     0 | D:1      | Reached XP level 1. HP: 19/19 MP: 1/1
   197 | D:1      | Gained mutation: You are partially covered in iridescent scales (AC +4). [demonic ancestry]
   197 | D:1      | Reached XP level 2. HP: 25/25 MP: 2/2
   498 | D:1      | Reached XP level 3. HP: 22/31 MP: 3/3
   864 | D:2      | Found a snail-covered altar of Cheibriados.
   865 | D:2      | Found a bloodstained altar of Trog.
   869 | D:2      | Found a sparkling altar of Nemelex Xobeh.
   897 | D:2      | Reached skill level 1 in Armour
   936 | D:2      | Reached skill level 1 in Axes
   936 | D:2      | Gained mutation: You sometimes gain a little power by taking damage. [demonic ancestry]
   936 | D:2      | Reached XP level 4. HP: 35/38 MP: 4/4
   965 | D:2      | Noticed Sigmund
  1465 | D:2      | Found a snail-covered altar of Cheibriados.
  1746 | D:2      | Killed Sigmund
  1746 | D:2      | Reached skill level 5 in Fighting
  1746 | D:2      | Gained mutation: A weak demonic guardian rushes to your aid. [demonic ancestry]
  1746 | D:2      | Reached XP level 5. HP: 32/44 MP: 5/5
  2055 | D:3      | Reached XP level 6. HP: 47/51 MP: 6/6
  2625 | D:4      | Noticed urechis's ghost (average GrWz)
  2656 | D:4      | Killed urechis's ghost
  3156 | D:5      | Entered Level 5 of the Dungeon
  3194 | D:5      | Gained mutation: You have sharp fingernails. [demonic ancestry]
  3194 | D:5      | Reached XP level 7. HP: 49/56 MP: 7/7
  3222 | D:5      | Found a deep blue altar of Sif Muna.
  3319 | D:5      | Identified Sif Muna's Compendium of Arcane Weapons
  3720 | D:5      | Reached skill level 6 in Fighting
  3960 | D:5      | Found Feral's Antique Weapon Emporium.
  4322 | D:6      | Reached XP level 8. HP: 64/64 MP: 8/8
  4415 | D:6      | Noticed an oklob plant
  4508 | D:6      | HP: 2/65 [acid (9)]
  4807 | D:6      | HP: 2/65 [acid (4)]
  4808 | D:6      | Killed from afar by an oklob plant

Vault maps used:
D:1:      tarquinn_simple_flora_water_b
D:2:      nicolae_overflow_hidden_temple, first_bread, cheibriados_altar_1,
          uniq_sigmund
D:5:      led_sif_book, serial_shops, shop
D:6:      lemuel_slime, lemuel_zombie_altar_yredelemnul,
          minmay_temple_entry_nine_rooms, uniq_crazy_yiuf_cottage

Action                   |  1- 3 |  4- 6 |  7- 9 || total
-------------------------+-------+-------+-------++-------
Melee: Quarterstaff      |    75 |   132 |   147 ||   354
Evoke: Wand              |       |       |     1 ||     1
  Use: Scroll            |     3 |     9 |     2 ||    14
       Potion            |       |     1 |     2 ||     3
 Stab: Sleeping          |     1 |       |       ||     1
  Eat: Chunk             |       |     6 |     6 ||    12
